 Dungeon Crawl Stone Soup version 0.15.0-18-g9076a4f (webtiles) character file.

132 Saeter the Sneak (level 4, -8/21 HPs)
             Began as a Spriggan Enchanter on Sept 5, 2014.
             Blown up by Ijyb (20 damage)
             ... with a wand of disintegration
             ... on Level 3 of the Dungeon on Sept 6, 2014.
             The game lasted 00:29:26 (3104 turns).

Saeter the Sneak (Spriggan Enchanter)               Turns: 3104, Time: 00:29:27

HP  -8/21        AC  3     Str  4      XL: 4   Next: 92%
MP  14/14        EV 20     Int 16      God:
Gold 84          SH  0     Dex 17      Spells:  2 memorised,  6 levels left

rFire  . . .     SeeInvis +     a - +1 dagger
rCold  . . .     Clarity  .     b - +1 robe
rNeg   . . .     rCorr    .     (shield restricted)
rPois  .         rRot     .     (helmet restricted)
rElec  .         Spirit   .     (no cloak)
SustAb .         Warding  .     (gloves unavailable)
rMut   .         Stasis   .     (boots unavailable)
Gourm  .                        (no amulet)
MR     .....                    (no ring)
                                (no ring)

@: very quick, not resistant to hostile enchantments, stealthy
A: unfitting armour, see invisible, herbivore 3, speed 3, slow metabolism 2
a: no special abilities


You were on level 3 of the Dungeon.
You were full.

You visited 1 branch of the dungeon, and saw 3 of its levels.

You collected 84 gold pieces.

Inventory:

Hand weapons
 a - a +1 dagger (weapon)
 e - a +0 mace
 o - a +2 whip of draining
 w - a +0 hunting sling
 x - a +0 short sword
Missiles
 n - 25 bolts
 r - 32 poisoned needles
 s - 19 arrows
 y - 16 sling bullets
Armour
 b - a +1 robe (worn)
Comestibles
 i - 3 bread rations
Scrolls
 k - a scroll of immolation {unknown}
 l - a scroll of amnesia {unknown}
 m - 3 scrolls of identify {unknown}
 p - 2 scrolls of recharging {unknown}
 q - a scroll of magic mapping {unknown}
 u - 2 scrolls of remove curse {unknown}
 v - a scroll of fog {unknown}
Potions
 d - a potion of porridge
 f - a potion of heal wounds {unknown}
 g - 2 potions of curing
 h - a potion of degeneration {unknown}
 j - a potion of invisibility {unknown}
 t - a potion of cure mutation {unknown}
Books
 c - a book of Maledictions

   Spells                             Type                      Level
   *Corona                            Hexes                        1
   Sure Blade                         Hexes/Charms                 2
   Ensorcelled Hibernation            Hexes/Ice                    2
   *Confuse                           Hexes                        3
   Dazzling Spray                     Conjuration/Hexes            3
   Enslavement                        Hexes                        4


   Skills:
 + Level 2.5 Short Blades
 + Level 4.4 Dodging
 + Level 5.5 Stealth
 + Level 3.7 Spellcasting
 + Level 4.2 Hexes


You had 6 spell levels left.
You knew the following spells:

 Your Spells              Type           Power        Failure   Level  Hunger
a - Corona                Hex            ###....      3%          1    None
b - Confuse               Hex            ###.....     12%         3    ###....


Dungeon Overview and Level Annotations

Branches:
Dungeon (3/15)

Altars:

Annotations:
D:3 Ijyb


Innate Abilities, Weirdness & Mutations

You are tiny and cannot use many weapons and most armour.
You have supernaturally acute eyesight.
You are a herbivore.
You cover ground extremely quickly.
You need consume almost no food.


Message History

You closely miss the giant gecko.
Ijyb shouts!
The giant gecko bites you.
You miss the giant gecko. The giant gecko completely misses you.
You hit the giant gecko.
The giant gecko is heavily wounded.
The giant gecko barely misses you.
You hit the giant gecko.
You kill the giant gecko!
Ijyb zaps a wand.
You are blasted!
You see here a giant gecko corpse.
Ijyb zaps a wand.
You are blasted!
You closely miss Ijyb.
Ijyb zaps a wand.
You struggle to resist.
You hit Ijyb.
Ijyb is lightly wounded.
You hit Ijyb.
Ijyb is lightly wounded.
Ijyb zaps a wand.
You are blasted!
Ouch! That really hurt!
You die...

##.### #.# ###.# #.#
#.# #...# #.# #.# #.#.#
##'## #.###.#.# ##...##
#.......### ##.....##
###.......# ##.......##
#...###.#
#.....%...####...###.##
+....>@...+............
#.....g...####.....#.##
##...(...## #..##.#.#
##.....## #.###.#.#
##...## #.......# ##+##
#####.### #.# #)# #.#


You could see Ijyb.

Vanquished Creatures
  The ghost of elenap21 the Charmwright, a weakling SpSk (D:3)
  2 adders
  3 worms
  A giant gecko (D:3)
  2 oozes
  2 orcs (D:3)
  4 giant cockroaches
  4 goblins
  4 hobgoblins (D:2)
  4 jackals (D:3)
  A quokka (D:2)
  5 bats (D:2)
  6 giant newts
  6 kobolds
  7 rats
52 creatures vanquished.

Notes
Turn   | Place    | Note
--------------------------------------------------------------
     0 | D:1      | Saeter, the Spriggan Enchanter, began the quest for the Orb.
     0 | D:1      | Reached XP level 1. HP: 9/9 MP: 4/4
   326 | D:1      | Reached XP level 2. HP: 8/13 MP: 7/7
  1486 | D:2      | Reached XP level 3. HP: 16/16 MP: 9/11
  1511 | D:2      | Learned a level 3 spell: Confuse
  2061 | D:1      | Reached skill level 5 in Stealth
  2684 | D:3      | Reached XP level 4. HP: 19/21 MP: 0/14
  2781 | D:3      | Upgraded the game from 0.15.0-16-gce31824 to 0.15.0-18-g9076a4f
  2819 | D:3      | Noticed elenap21's ghost (weakling SpSk)
  2890 | D:3      | Killed elenap21's ghost
  3093 | D:3      | Noticed Ijyb
  3104 | D:3      | Blown up by Ijyb

Action                   |  1- 3 |  4- 6 || total
-------------------------+-------+-------++-------
Melee: Dagger            |   211 |    57 ||   268
 Fire: Hunting sling     |       |    21 ||    21
 Cast: Confuse           |    13 |       ||    13
  Use: Potion            |       |     1 ||     1
 Stab: Sleeping          |     8 |     1 ||     9
       Confused          |     4 |       ||     4
       Distracted        |     1 |       ||     1
  Eat: Bread ration      |       |     1 ||     1
